 Dungeon Crawl Stone Soup version 0.25-a0-591-g2ad0d861f1 (webtiles) character file.

Game seed: 874219432933074145, levelgen mode: deterministic

0 Gargoyl the Skirmisher (level 1, 0/19 HPs)
             Began as a Centaur Abyssal Knight on Mar 13, 2020.
             Was a Follower of Lugonu.
             Killed by divine providence
             ... invoked by a smoke demon
              (17 damage)
             ... on level 2 of the Abyss on Mar 14, 2020.
             The game lasted 00:00:56 (102 turns).

Gargoyl the Skirmisher (Centaur Abyssal Knight)      Turns: 102, Time: 00:00:57

Health: 0/19       AC:  5    Str: 14    XL:     1   Next: 0%
Magic:  2/2        EV:  9    Int: 11    God:    Lugonu [*.....]
Gold:   116        SH:  0    Dex:  8    Spells: 0/0 levels left

rFire    . . .     SeeInvis .   a - +1 hand axe
rCold    . . .     Gourm    .   (no shield)
rNeg     . . .     Faith    .   b - +1 leather armour
rPois    .         Spirit   .   (no helmet)
rElec    .         Reflect  .   (no cloak)
rCorr    .         Harm     .   (no gloves)
MR       .....                  (no barding)
Stlth    ..........             (no amulet)
HPRegen  0.06/turn              (no ring)
MPRegen  0.08/turn              (no ring)

@: very quick
A: large, hooves 3, deformed body, speed 2, tough skin 3
a: Depart the Abyss, Renounce Religion


You were on level 2 of the Abyss.
You worshipped Lugonu.
Lugonu was aware of your devotion.
You were not hungry.

You visited 0 branches of the dungeon, and saw 0 of its levels.
You visited the Abyss 1 time.

You collected 116 gold pieces.

Inventory:

Hand Weapons
 a - a +1 hand axe (weapon)
Armour
 b - a +1 leather armour (worn)
Comestibles
 c - a ration


   Skills:
 + Level 3.0 Fighting
 + Level 1.7 Axes
 + Level 1.3 Armour
 + Level 0.6 Dodging
 + Level 2.0 Invocations


You couldn't memorise any spells.
You didn't know any spells.
Your spell library was empty.

Dungeon Overview and Level Annotations

Branches:
Dungeon (0/15)

Altars:


Innate Abilities, Weirdness & Mutations

You have hooves in place of feet.
Armour fits poorly on your strangely shaped body.
You cover ground very quickly.
You have extremely tough skin. (AC +3)


Message History

The tentacled starspawn is engulfed in blazing flames.
There are no items here.
The tentacled starspawn is engulfed in blazing flames.
You see here 13 gold pieces.
You now have 116 gold pieces (gained 13).
The large abomination is engulfed in blazing flames.
The large abomination is engulfed in blazing flames.
Tentacles burst from the starspawn's body! 2 starspawn tentacles come into view.
The large abomination is engulfed in blazing flames.
The starspawn tentacle grabs you. The starspawn tentacle constricts you.
You escape the starspawn tentacle's grasp.
A spatial vortex comes into view.
Found a pair of boots.
A spatial vortex comes into view.
A smoke demon comes into view.
The smoke demon gestures at you. Something smites you!
Ouch! That really hurt!
You die...

.#......................
. .....#.....#.....#....
..#...###...###...###...
#.....#.....#.... ..
....v............ .. ..
..#.....#.....#.....
##...###...###...# ##.##
#.## .# #.@.# ..#
#.....# ...# ..........3
... #...#.....#....
...###...###... ..#
##.## #.# .. ... .. ...


You could see a spatial vortex and a smoke demon.

Vanquished Creatures (others)
  A water elemental (Abyss:2)
  2 small abominations (Abyss:2)
  5 starspawn tentacles (Abyss:2)
8 creatures vanquished.

Notes
Turn   | Place    | Note
-------+----------+-------------------------------------------
     0 | Abyss:1  | Gargoyl the Centaur Abyssal Knight began the quest for the
                  | Orb.
     0 | Abyss:1  | Reached XP level 1. HP: 19/19 MP: 2/2
     4 | Abyss:2  | Upgraded the game from 0.25-a0-589-g1e14c549ee to
                  | 0.25-a0-591-g2ad0d861f1
    23 | Abyss:2  | Noticed a small abomination
    34 | Abyss:2  | Noticed a small abomination
    51 | Abyss:2  | Noticed a water elemental
    61 | Abyss:2  | Noticed a large abomination
    64 | Abyss:2  | Noticed a tentacled starspawn
    75 | Abyss:2  | Killed a water elemental
    77 | Abyss:2  | Killed a small abomination
    78 | Abyss:2  | Killed a small abomination
    89 | Abyss:2  | Noticed an orange demon
    92 | Abyss:2  | Noticed a spatial vortex
    99 | Abyss:2  | Noticed a spatial vortex
   102 | Abyss:2  | Noticed a smoke demon
   102 | Abyss:2  | Killed from afar by a smoke demon

Levels and vault maps discovered:
Abyss:2:  gammafunk_corrupted_shrine, lemuel_flamethrower_hall

Action                   || total
-------------------------++-------
  Use: Scroll            ||     1

Table legend:
 A = Non-vault XP
 B = Vault XP
 C = Vault XP percentage of total XP
 D = Non-vault monster count
 E = Vault monster count
 F = Vault count percentage of total count
                 A         B        C        D         E       F
            +---------+---------+-------+---------+---------+-------
      Total |       0 |       0 |   N/A |       0 |       0 |  -nan
            +---------+---------+-------+---------+---------+-------
            +---------+---------+-------+---------+---------+-------
